| TOP OF THE 1ST |
|
Chicago (APP) Cubs batting - Pitching for Missoula Osprey : RHP Jorge Gallegos
|
|
Pitching: RHP Jorge Gallegos
|
|
|
Batting: RHB Randy Schmitt
|
0-0: Ball 1-0: Foul Ball, location: 2F 1-1: Ball 2-1: Called Strike 2-2: Strikes out swinging
|
|
Batting: RHB Tak-keung Chieu
|
0-0: Ball 1-0: Ball 2-0: Ball 3-0: Base on Balls
|
|
Batting: RHB Jake Mitchell
|
0-0: Called Strike 0-1: Swinging Strike 0-2: Ball 1-2: Ground out 5-3 (Groundball, 56, EV 85.0 MPH) Tak-keung Chieu to second
|
|
Batting: SHB Andrew Baron
|
0-0: Called Strike 0-1: Swinging Strike 0-2: Ball 1-2: Ground out 6-3 (Groundball, P, EV 82.5 MPH)
|
| Top of the 1st over - 0 runs, 0 hits, 0 errors, 1 left on base; Chicago (APP) 0 - Missoula 0 |
| BOTTOM OF THE 1ST |
|
Missoula Osprey batting - Pitching for Chicago (APP) Cubs : RHP Carlos Zavala
|
|
Pitching: RHP Carlos Zavala
|
|
|
Batting: RHB Nate Spencer
|
0-0: Called Strike 0-1: Called Strike 0-2: Ground out 6-3 (Groundball, 6MD, EV 89.4 MPH)
|
|
Batting: RHB Paul Schreiber
|
0-0: Ball 1-0: Called Strike 1-1: Ball 2-1: Foul Ball, location: 2F 2-2: Ball 3-2: Foul Ball, location: 2F 3-2: Foul Ball, location: 2F 3-2: SINGLE (Groundball, 6M, EV 108.1 MPH)
|
|
Batting: SHB Evan Armagost
|
0-0: Foul Ball, location: 2F 0-1: Ball 1-1: Ball Wild Pitch! Paul Schreiber to second 2-1: Ball 3-1: Base on Balls
|
|
Batting: SHB Blaine Peters
|
0-0: Ball 1-0: Ball 2-0: Called Strike 2-1: Ball 3-1: Swinging Strike 3-2: Foul Ball, location: 2F 3-2: SINGLE (Line Drive, 34, EV 96.2 MPH) Paul Schreiber to third Evan Armagost to second
|
|
Pitching: RHP Rob Craft
|
|
|
Batting: LHB Enrique Ponce
|
0-0: Ball 1-0: Called Strike 1-1: Ball 2-1: Foul Ball, location: 2F 2-2: GRAND SLAM HOME RUN (Flyball, 9D, EV 97.5 MPH), Distance : 354 ft
|
|
Batting: RHB Antonio Luisa
|
0-0: Called Strike 0-1: Ground out 6-3 (Groundball, 56, EV 86.2 MPH)
|
|
Batting: RHB Ernesto Zamora
|
0-0: Called Strike 0-1: SINGLE (Flyball, 89S, EV 93.1 MPH)
|
|
Batting: SHB Lee Dillon
|
0-0: Ball 1-0: Ball Ernesto Zamora steals 2nd base 2-0: Ball 3-0: Base on Balls
|
|
Batting: LHB Jeff Harmon
|
0-0: SINGLE (Groundball, 56D, EV 96.9 MPH) Ernesto Zamora to third Lee Dillon to second Throwing error, E7 Ernesto Zamora scores Lee Dillon to third Jeff Harmon to second
|
|
Batting: RHB Nate Spencer
|
0-0: SINGLE (Groundball, P, EV 85.6 MPH) (infield hit) Lee Dillon scores Jeff Harmon to third
|
|
Batting: RHB Paul Schreiber
|
0-0: Called Strike Nate Spencer steals 2nd, throwing error, E2 Jeff Harmon scores Nate Spencer to third 0-1: Ball 1-1: SINGLE (Groundball, 34D, EV 98.8 MPH) Nate Spencer scores
|
|
Pitching: LHP Eddie Panagos
|
|
|
Batting: SHB Evan Armagost
|
0-0: 2-RUN HOME RUN (Flyball, 7D, EV 96.2 MPH), Distance : 355 ft
|
|
Batting: SHB Blaine Peters
|
0-0: Fly out, F3 (Popup, 3F, EV 69.4 MPH)
|
| Bottom of the 1st over - 10 runs, 8 hits, 2 errors, 0 left on base; Chicago (APP) 0 - Missoula 10 |
| TOP OF THE 2ND |
|
Chicago (APP) Cubs batting - Pitching for Missoula Osprey : RHP Jorge Gallegos
|
|
Batting: RHB Julio Arteaga
|
0-0: Called Strike 0-1: Called Strike 0-2: Strikes out swinging
|
|
Batting: RHB Jake Newman
|
0-0: Called Strike 0-1: Called Strike 0-2: Strikes out swinging
|
|
Batting: RHB Dwight Bean
|
0-0: Foul Ball, location: 2F 0-1: Ball 1-1: Swinging Strike 1-2: Ball 2-2: Foul Ball, location: 2F 2-2: Strikes out swinging
|
| Top of the 2nd over - 0 runs, 0 hits, 0 errors, 0 left on base; Chicago (APP) 0 - Missoula 10 |
| BOTTOM OF THE 2ND |
|
Missoula Osprey batting - Pitching for Chicago (APP) Cubs : LHP Eddie Panagos
|
|
Batting: LHB Enrique Ponce
|
0-0: Ball 1-0: Swinging Strike 1-1: Ball 2-1: Ball 3-1: Base on Balls
|
|
Batting: RHB Antonio Luisa
|
0-0: Swinging Strike 0-1: Ball Wild Pitch! Enrique Ponce to second 1-1: Ball 2-1: Ball 3-1: Base on Balls
|
|
Batting: RHB Ernesto Zamora
|
0-0: Ball 1-0: Ball 2-0: Called Strike 2-1: Foul Ball, location: 2F 2-2: Foul Ball, location: 2F 2-2: Strikes out swinging
|
|
Pitching: RHP Ryan Masterson
|
|
|
Batting: SHB Lee Dillon
|
0-0: Foul Ball, location: 2F 0-1: Called Strike 0-2: Foul Ball, location: 2F 0-2: Strikes out swinging
|
|
Batting: LHB Jeff Harmon
|
0-0: Ball 1-0: Foul Ball, location: 2F 1-1: Ball 2-1: DOUBLE (Groundball, 5L, EV 98.1 MPH) Enrique Ponce scores Antonio Luisa to third Runner from 3rd tries for Home, SAFE, throw by LF to trailing runner, OUT at third! 7-3-5
|
| Bottom of the 2nd over - 2 runs, 1 hit, 0 errors, 0 left on base; Chicago (APP) 0 - Missoula 12 |
| TOP OF THE 3RD |
|
Chicago (APP) Cubs batting - Pitching for Missoula Osprey : RHP Jorge Gallegos
|
|
Batting: LHB Arnaldo Cardamenho
|
0-0: Called Strike 0-1: Called Strike 0-2: Strikes out swinging wild pitch, reaches first!
|
|
Batting: RHB Josh MacQueen
|
0-0: Bunted foul 0-1: Bunt missed! 0-2: Bunt missed, Strikeout!
|
|
Batting: RHB Randy Schmitt
|
0-0: Ball 1-0: Ground out 6-3 (Groundball, 6, EV 100.6 MPH) Arnaldo Cardamenho to second
|
|
Batting: RHB Tak-keung Chieu
|
0-0: Ball 1-0: Foul Ball, location: 2F 1-1: Foul Ball, location: 2F 1-2: Ball 2-2: Strikes out looking
|
| Top of the 3rd over - 0 runs, 0 hits, 0 errors, 1 left on base; Chicago (APP) 0 - Missoula 12 |
| BOTTOM OF THE 3RD |
|
Missoula Osprey batting - Pitching for Chicago (APP) Cubs : RHP Ryan Masterson
|
|
Batting: RHB Nate Spencer
|
0-0: TRIPLE (Flyball, 89XD, EV 100.0 MPH)
|
|
Batting: RHB Paul Schreiber
|
0-0: Ball 1-0: Ball 2-0: Ball 3-0: Base on Balls
|
|
Batting: SHB Evan Armagost
|
0-0: Called Strike 0-1: Called Strike 0-2: Foul Ball, location: 2F 0-2: Foul Ball, location: 2F 0-2: DOUBLE (Line Drive, 78D, EV 106.2 MPH) Nate Spencer scores Paul Schreiber to third
|
|
Pitching: LHP Neal Brody
|
|
|
Batting: SHB Blaine Peters
|
0-0: Called Strike 0-1: Ball 1-1: Swinging Strike 1-2: Ball 2-2: Ground out 6-3 (Groundball, 6MD, EV 80.6 MPH) Paul Schreiber scores Evan Armagost to third
|
|
Batting: LHB Enrique Ponce
|
0-0: Foul Ball, location: 2F 0-1: Ball 1-1: Foul Ball, location: 2F 1-2: Strikes out swinging
|
|
Batting: RHB Antonio Luisa
|
0-0: Ball 1-0: Swinging Strike 1-1: Swinging Strike 1-2: Foul Ball, location: 2F 1-2: Ball 2-2: Foul Ball, location: 2F 2-2: Ball 3-2: DOUBLE (Line Drive, 8RD, EV 111.2 MPH) Evan Armagost scores
|
|
Batting: RHB Ernesto Zamora
|
0-0: Fly out, F8 (Line Drive, 8RM, EV 89.4 MPH)
|
| Bottom of the 3rd over - 3 runs, 3 hits, 0 errors, 1 left on base; Chicago (APP) 0 - Missoula 15 |
| TOP OF THE 4TH |
|
Chicago (APP) Cubs batting - Pitching for Missoula Osprey : RHP Jorge Gallegos
|
|
Batting: RHB Jake Mitchell
|
0-0: Fly out, F9 (Flyball, 89XD, EV 98.1 MPH)
|
|
Batting: SHB Andrew Baron
|
0-0: Ball 1-0: Ball 2-0: Called Strike 2-1: Ball 3-1: Base on Balls
|
|
Batting: RHB Julio Arteaga
|
0-0: Foul Ball, location: 2F 0-1: Called Strike 0-2: Ball 1-2: Grounds into double play, 6-4-3 (Groundball, 6, EV 92.5 MPH)
|
| Top of the 4th over - 0 runs, 0 hits, 0 errors, 0 left on base; Chicago (APP) 0 - Missoula 15 |
| BOTTOM OF THE 4TH |
|
Missoula Osprey batting - Pitching for Chicago (APP) Cubs : LHP Neal Brody
|
|
Pitching: RHP Karl Stuart
|
|
|
Batting: SHB Lee Dillon
|
0-0: Ball 1-0: Ball 2-0: Ball 3-0: Base on Balls
|
|
Batting: LHB Jeff Harmon
|
0-0: Called Strike 0-1: Called Strike 0-2: Foul Ball, location: 2F 0-2: Ball 1-2: Foul Ball, location: 2F 1-2: Strikes out looking
|
|
Batting: RHB Nate Spencer
|
0-0: Reached on error, E4 (Groundball, 4, EV 85.6 MPH) Lee Dillon to second
|
|
Batting: RHB Paul Schreiber
|
0-0: SINGLE (Line Drive, 89S, EV 106.9 MPH) Lee Dillon to third Nate Spencer to second
|
|
Batting: SHB Evan Armagost
|
0-0: Called Strike 0-1: Called Strike 0-2: Foul Ball, location: 2F 0-2: Fly out, F8 (Flyball, 8LD, EV 89.4 MPH) Runner from 3rd tags up, SCORES, throw by CF
|
|
Batting: SHB Blaine Peters
|
0-0: Swinging Strike 0-1: Ball 1-1: Foul Ball, location: 2F 1-2: Fly out, F4 (Line Drive, 4, EV 68.1 MPH)
|
| Bottom of the 4th over - 1 run, 1 hit, 1 error, 2 left on base; Chicago (APP) 0 - Missoula 16 |
| TOP OF THE 5TH |
|
Chicago (APP) Cubs batting - Pitching for Missoula Osprey : RHP Jorge Gallegos
|
|
Batting: RHB Jake Newman
|
0-0: Swinging Strike 0-1: Called Strike 0-2: Ball 1-2: Strikes out swinging
|
|
Batting: RHB Dwight Bean
|
0-0: Ball 1-0: Ball 2-0: Ball 3-0: Base on Balls
|
|
Batting: LHB Arnaldo Cardamenho
|
0-0: Called Strike 0-1: Called Strike 0-2: Ball 1-2: Ball 2-2: Foul Ball, location: 2F 2-2: Foul Ball, location: 2F 2-2: Strikes out swinging
|
|
Batting: RHB Josh MacQueen
|
0-0: Foul Ball, location: 2F 0-1: Ball 1-1: Ball 2-1: Foul Ball, location: 2F 2-2: Strikes out looking
|
| Top of the 5th over - 0 runs, 0 hits, 0 errors, 1 left on base; Chicago (APP) 0 - Missoula 16 |
| BOTTOM OF THE 5TH |
|
Missoula Osprey batting - Pitching for Chicago (APP) Cubs : RHP Karl Stuart
|
|
Pitching: RHP Dustin Buckner
|
|
|
Batting: LHB Enrique Ponce
|
0-0: Ball 1-0: Called Strike 1-1: Ground out U3 (Groundball, 3S, EV 85.0 MPH)
|
|
Batting: RHB Antonio Luisa
|
0-0: Ball 1-0: Ball 2-0: Ball 3-0: Base on Balls
|
|
Batting: RHB Ernesto Zamora
|
0-0: Ball 1-0: Ball 2-0: Called Strike 2-1: Swinging Strike 2-2: SINGLE (Flyball, 7S, EV 90.0 MPH) Antonio Luisa to second
|
|
Batting: SHB Lee Dillon
|
0-0: Called Strike 0-1: Ball 1-1: Called Strike 1-2: Foul Ball, location: 2F 1-2: SINGLE (Line Drive, 7S, EV 92.5 MPH) Antonio Luisa to third Ernesto Zamora to second
|
|
Batting: LHB Jeff Harmon
|
0-0: Foul Ball, location: 2F 0-1: Ball 1-1: Ball 2-1: Called Strike 2-2: Ball 3-2: Base on Balls Antonio Luisa scores Ernesto Zamora to third Lee Dillon to second
|
|
Batting: RHB Nate Spencer
|
0-0: Swinging Strike 0-1: Foul Ball, location: 2F 0-2: Strikes out swinging
|
|
Batting: RHB Paul Schreiber
|
0-0: Ball 1-0: Ball 2-0: Called Strike 2-1: Ball 3-1: Called Strike 3-2: Base on Balls Ernesto Zamora scores Lee Dillon to third Jeff Harmon to second
|
|
Batting: SHB Evan Armagost
|
0-0: Ball 1-0: Called Strike 1-1: Ball 2-1: Ball 3-1: Base on Balls Lee Dillon scores Jeff Harmon to third Paul Schreiber to second
|
|
Batting: SHB Blaine Peters
|
0-0: Ball 1-0: Ball 2-0: Ball 3-0: Base on Balls Jeff Harmon scores Paul Schreiber to third Evan Armagost to second
|
|
Batting: LHB Enrique Ponce
|
0-0: Called Strike 0-1: Called Strike 0-2: Ball 1-2: Foul Ball, location: 2F 1-2: Ball 2-2: Ball 3-2: Base on Balls Paul Schreiber scores Evan Armagost to third Blaine Peters to second
|
|
Batting: RHB Antonio Luisa
|
0-0: Ball 1-0: Foul Ball, location: 2F 1-1: Called Strike 1-2: DOUBLE (Line Drive, 3D, EV 98.1 MPH) Evan Armagost scores Blaine Peters scores Enrique Ponce to third Runner from 3rd tries for Home, throw by RF and OUT! 9-4-2
|
| Bottom of the 5th over - 7 runs, 3 hits, 0 errors, 1 left on base; Chicago (APP) 0 - Missoula 23 |
| TOP OF THE 6TH |
|
Chicago (APP) Cubs batting - Pitching for Missoula Osprey : RHP Jorge Gallegos
|
|
Batting: RHB Randy Schmitt
|
0-0: Ball 1-0: Called Strike 1-1: Ground out 5-3 (Groundball, 56, EV 86.9 MPH)
|
|
Batting: RHB Tak-keung Chieu
|
0-0: Ball 1-0: Ball 2-0: Ball 3-0: Base on Balls
|
|
Batting: RHB Jake Mitchell
|
0-0: Grounds into double play, 6-4-3 (Groundball, 6M, EV 85.0 MPH)
|
| Top of the 6th over - 0 runs, 0 hits, 0 errors, 0 left on base; Chicago (APP) 0 - Missoula 23 |
| BOTTOM OF THE 6TH |
|
Missoula Osprey batting - Pitching for Chicago (APP) Cubs : RHP Dustin Buckner
|
|
Batting: RHB Ernesto Zamora
|
0-0: SINGLE (Groundball, 6M, EV 101.9 MPH)
|
|
Batting: SHB Lee Dillon
|
0-0: Called Strike 0-1: Called Strike 0-2: Ball 1-2: Strikes out swinging
|
|
Batting: LHB Jeff Harmon
|
0-0: Ball 1-0: Called Strike 1-1: Ball 2-1: Foul Ball, location: 2F 2-2: Foul Ball, location: 2F 2-2: Ball 3-2: Strikes out swinging
|
|
Batting: RHB Nate Spencer
|
0-0: Ball 1-0: SINGLE (Flyball, 78S, EV 85.6 MPH) Ernesto Zamora to second
|
|
Batting: RHB Paul Schreiber
|
0-0: Hit by Pitch Ernesto Zamora to third Nate Spencer to second
|
|
Batting: SHB Evan Armagost
|
0-0: Foul Ball, location: 2F 0-1: Ground out U3 (Groundball, 13, EV 86.9 MPH)
|
| Bottom of the 6th over - 0 runs, 2 hits, 0 errors, 3 left on base; Chicago (APP) 0 - Missoula 23 |
| TOP OF THE 7TH |
|
Chicago (APP) Cubs batting - Pitching for Missoula Osprey : RHP Jorge Gallegos
|
|
Batting: SHB Andrew Baron
|
0-0: Fly out, F6 (Line Drive, 6, EV 71.2 MPH)
|
|
Batting: RHB Julio Arteaga
|
0-0: Ball 1-0: Called Strike 1-1: Called Strike 1-2: Ball 2-2: Strikes out looking
|
|
Batting: RHB Jake Newman
|
0-0: Called Strike 0-1: Foul Ball, location: 2F 0-2: Ball 1-2: Strikes out looking
|
| Top of the 7th over - 0 runs, 0 hits, 0 errors, 0 left on base; Chicago (APP) 0 - Missoula 23 |
| BOTTOM OF THE 7TH |
|
Missoula Osprey batting - Pitching for Chicago (APP) Cubs : RHP Dustin Buckner
|
|
Pinch Hitting: LHB Omar Marquez
|
0-0: Ball 1-0: Foul Ball, location: 2F 1-1: SINGLE (Line Drive, 9S, EV 94.4 MPH)
|
|
Batting: LHB Enrique Ponce
|
0-0: Foul Ball, location: 2F 0-1: Fly out, F7 (Flyball, 7, EV 89.4 MPH)
|
|
Pinch Hitting: RHB Sergio Manzanero
|
0-0: Ball 1-0: Ball 2-0: Foul Ball, location: 2F 2-1: Foul Ball, location: 2F 2-2: Strikes out looking
|
|
Batting: RHB Ernesto Zamora
|
0-0: DOUBLE (Flyball, 8RD, EV 103.8 MPH) Omar Marquez to third Runner from 3rd tries for Home, SAFE, no throw by CF
|
|
Batting: SHB Lee Dillon
|
0-0: Ball 1-0: Ball 2-0: Foul Ball, location: 2F 2-1: Swinging Strike 2-2: Strikes out looking
|
| Bottom of the 7th over - 1 run, 2 hits, 0 errors, 1 left on base; Chicago (APP) 0 - Missoula 24 |
| TOP OF THE 8TH |
|
Chicago (APP) Cubs batting - Pitching for Missoula Osprey : RHP Jorge Gallegos
|
|
Now at 1B: Dillon Rizzuto
|
|
|
Now in LF: Omar Marquez
|
|
|
Batting: RHB Dwight Bean
|
0-0: Foul Ball, location: 2F 0-1: Ball 1-1: Called Strike 1-2: Strikes out swinging
|
|
Batting: LHB Arnaldo Cardamenho
|
0-0: Foul Ball, location: 2F 0-1: Ball 1-1: Ball 2-1: Foul Ball, location: 2F 2-2: Strikes out swinging
|
|
Batting: RHB Josh MacQueen
|
0-0: Ball 1-0: Foul Ball, location: 2F 1-1: Swinging Strike 1-2: Ball 2-2: Ball 3-2: Strikes out swinging
|
| Top of the 8th over - 0 runs, 0 hits, 0 errors, 0 left on base; Chicago (APP) 0 - Missoula 24 |
| BOTTOM OF THE 8TH |
|
Missoula Osprey batting - Pitching for Chicago (APP) Cubs : RHP Dustin Buckner
|
|
Batting: LHB Jeff Harmon
|
0-0: Swinging Strike 0-1: Foul Ball, location: 2F 0-2: Strikes out swinging
|
|
Batting: RHB Nate Spencer
|
0-0: Fly out, F9 (Line Drive, 9D, EV 87.5 MPH)
|
|
Batting: RHB Paul Schreiber
|
0-0: Ball 1-0: Ground out 5-3 (Groundball, 56, EV 104.4 MPH)
|
| Bottom of the 8th over - 0 runs, 0 hits, 0 errors, 0 left on base; Chicago (APP) 0 - Missoula 24 |
| TOP OF THE 9TH |
|
Chicago (APP) Cubs batting - Pitching for Missoula Osprey : RHP Jorge Gallegos
|
|
Batting: RHB Randy Schmitt
|
0-0: Foul Ball, location: 2F 0-1: Ball 1-1: Swinging Strike 1-2: Ball 2-2: Strikes out swinging
|
|
Batting: RHB Tak-keung Chieu
|
0-0: Ball 1-0: Ball 2-0: Called Strike 2-1: Foul Ball, location: 2F 2-2: SOLO HOME RUN (Flyball, 7D, EV 95.6 MPH), Distance : 364 ft
|
|
Batting: RHB Jake Mitchell
|
0-0: Ball 1-0: Swinging Strike 1-1: Foul Ball, location: 2F 1-2: Strikes out swinging
|
|
Pitching: RHP Jaden Peterson
|
|
|
Batting: SHB Andrew Baron
|
0-0: Ball 1-0: Foul Ball, location: 2F 1-1: Called Strike 1-2: Strikes out swinging
|
| Top of the 9th over - 1 run, 1 hit, 0 errors, 0 left on base; Chicago (APP) 1 - Missoula 24 |
|